Map: Dead of Night

Players

Alebay

  • Race: Protoss Protoss
  • Spawn Location: 0:00

MattBarry

  • Race: Protoss Protoss
  • Spawn Location: 0:00

VOD

Have the link to the VOD?

Description

Time

  • Played on: Jan. 4, 2023, 12:41 a.m.
  • Length: 26:39
Show
View Real Time Build Order
Export as new Build Order

Alebay Protoss 

Build Orders:  

Get SALT Encoding   

  12  0:00  Probe (Chrono Boost)  
  13  0:16  Probe (Chrono Boost)  
  14  0:28  Probe (Chrono Boost)  
  14  0:34  Pylon  
  15  0:43  Assimilator  
  15  0:57  Probe (Chrono Boost)  
  16  1:01  Gateway  
  16  1:09  Probe (Chrono Boost)  
  17  1:21  Probe (Chrono Boost)  
  17  1:28  Forge  
  18  1:33  Probe (Chrono Boost)  
  19  1:45  Probe (Chrono Boost)  
  20  1:57  Pylon, Probe (Chrono Boost)  
  21  2:09  Probe (Chrono Boost)  
  21  2:10  Cybernetics Core  
  22  2:20  Legionnaire  
  22  2:21  Probe (Chrono Boost)  
  26  2:33  Probe (Chrono Boost)  
  27  2:44  Pylon  
  27  2:45  Probe (Chrono Boost)  
  28  2:56  Gateway  
  28  2:58  Probe (Chrono Boost)  
  28  3:05  Legionnaire  
  32  3:10  Probe (Chrono Boost)  
  33  3:22  Probe (Chrono Boost)  
  34  3:31  Pylon  
  34  3:33  Legionnaire  
  34  3:34  Probe (Chrono Boost)  
  38  3:46  Probe (Chrono Boost)  
  38  3:49  Kaldalis' A.I. Personality  
  39  4:11  Legionnaire  
  39  4:12  Legionnaire  
  39  4:16  Probe (Chrono Boost)  
  46  4:21  Protoss Ground Weapons Level 1  
  46  4:33  Twilight Council  
  46  5:08  Probe (Chrono Boost)  
  47  5:35  Pylon  
  47  5:37  Pylon  
  47  5:40  Pylon  
  47  5:41  Assimilator  
  47  5:44  Assimilator  
  47  5:45  Charge  
  47  5:55  Adept x2  
  47  6:00  Probe (Chrono Boost)  
  52  6:15  Probe (Chrono Boost)  
  53  6:23  Warp Gate  
  53  6:37  Psionic Projection  
  52  7:16  Probe (Chrono Boost)  
  53  7:24  Stargate  
  51  7:31  Probe (Chrono Boost)  
  52  7:46  Probe (Chrono Boost)  
  53  8:00  Stargate  
  53  8:01  Probe (Chrono Boost)  
  53  8:07  Protoss Air Weapons Level 1  
  54  8:14  Stargate  
  54  8:18  Probe (Chrono Boost)  
  55  8:21  Protoss Ground Armor Level 1  
  55  8:51  Probe (Chrono Boost)  
  56  9:05  Probe (Chrono Boost)  
  56  9:09  Fleet Beacon  
  57  9:20  Probe (Chrono Boost)  
  58  9:35  Probe (Chrono Boost)  
  59  9:43  Graviton Catapult  
  59  9:44  Gateway  
  59  9:47  Gateway  
  59  9:51  Gateway  
  59  9:53  Gateway  
  59  9:56  Pylon  
  59  9:59  Pylon  
  59  10:03  Pylon  
  59  10:07  Pylon  
  59  10:20  Carrier  
  59  10:27  Protoss Air Armor Level 1  
  59  10:33  Photon Cannon  
  59  10:36  Photon Cannon  
  59  10:46  Photon Cannon  
  59  10:50  Photon Cannon  
  65  11:25  Carrier  
  65  11:26  Photon Cannon  
  65  11:32  Pylon  
  65  11:35  Carrier  
  71  11:53  Carrier  
  77  12:17  Photon Cannon  
  77  12:20  Photon Cannon  
  83  12:52  Photon Cannon  
  83  12:55  Photon Cannon  
  83  13:09  Carrier  
  89  13:43  Carrier  
  77  14:29  Adept x4  
  83  14:30  Adept x2  
  90  15:39  Legionnaire x5  
  105  15:40  Legionnaire  
  108  16:00  Legionnaire  
  108  16:07  Carrier  
  111  16:14  Pylon  
  111  16:16  Pylon  
  111  16:20  Pylon  
  111  16:23  Carrier  
  111  16:24  Photon Cannon  
  123  16:50  Photon Cannon  
  123  16:52  Photon Cannon  
  123  16:54  Photon Cannon  
  123  17:03  Scout  
  126  17:16  Legionnaire x5  
  106  17:30  Scout  
  132  17:42  Pylon  
  132  17:44  Pylon  
  132  17:45  Pylon x2  
  132  17:48  Pylon  
  129  17:51  Pylon  
  129  17:56  Scout  
  111  18:42  Carrier  
  111  18:52  Carrier x2  
  129  19:49  Carrier  
  129  20:27  Carrier x2  
  129  20:33  Legionnaire x5  
  129  20:34  Legionnaire  
  165  21:14  Carrier  
  156  22:07  Talis' A.I. Personality  
  150  22:12  Carrier  
  150  22:21  Adept  
  150  22:22  Adept x3  
  150  22:23  Adept  
  165  22:40  Carrier  
  165  22:45  Photon Cannon  
  165  22:46  Probe (Chrono Boost)  
  165  22:47  Photon Cannon  
  166  22:51  Photon Cannon x2  
  166  22:52  Photon Cannon  
  166  22:53  Photon Cannon  
  166  22:55  Photon Cannon  
  166  22:56  Photon Cannon  
  165  23:18  Carrier  
  161  23:36  Carrier  
  165  24:23  Pylon  
  165  24:26  Pylon  
  165  24:28  Pylon  
  165  24:29  Pylon  
  165  24:30  Pylon  
  165  24:35  Photon Cannon  
  165  24:36  Photon Cannon  
  165  24:39  Photon Cannon  
  163  24:43  Photon Cannon  
  157  25:04  Photon Cannon  
  157  25:05  Photon Cannon  
Show
View Real Time Build Order
Export as new Build Order

MattBarry Protoss 

Build Orders:  

Get SALT Encoding   

  12  0:00  Probe (Chrono Boost)  
  13  0:19  Probe (Chrono Boost)  
  13  0:26  Pylon  
  14  0:32  Probe (Chrono Boost)  
  15  0:49  Probe (Chrono Boost)  
  16  1:00  Assimilator  
  16  1:01  Probe (Chrono Boost)  
  16  1:08  Assimilator  
  17  1:13  Probe (Chrono Boost)  
  17  1:19  Pylon  
  18  1:27  Probe (Chrono Boost)  
  18  1:39  Probe (Chrono Boost)  
  20  1:51  Probe (Chrono Boost)  
  20  1:57  Gateway  
  21  2:03  Probe (Chrono Boost)  
  22  2:15  Forge  
  22  2:17  Probe (Chrono Boost)  
  16  2:30  Probe (Chrono Boost)  
  24  2:42  Probe (Chrono Boost)  
  25  2:54  Probe (Chrono Boost)  
  26  3:06  Probe (Chrono Boost)  
  27  3:15  Cybernetics Core  
  27  3:18  Probe (Chrono Boost)  
  28  3:32  Gateway  
  28  3:37  Gateway  
  28  3:43  Gateway  
  28  3:52  Photon Cannon  
  28  4:06  Forge  
  28  4:13  Photon Cannon  
  28  4:16  Shield Battery  
  28  4:28  Probe (Chrono Boost)  
  29  4:40  Probe (Chrono Boost)  
  30  4:52  Probe (Chrono Boost)  
  30  4:56  Stargate  
  31  5:06  Twilight Council  
  31  5:11  Assimilator  
  31  5:13  Solar Efficiency Level 1  
  31  5:31  Photon Cannon  
  31  6:13  Pylon  
  31  6:16  Pylon  
  31  6:21  Pylon  
  31  6:33  Fleet Beacon  
  31  6:35  Probe (Chrono Boost)  
  32  6:48  Probe (Chrono Boost)  
  32  6:57  Stargate  
  32  6:59  Stargate  
  33  7:00  Stargate, Probe (Chrono Boost)  
  33  7:01  Stargate  
  34  7:10  Protoss Air Weapons Level 1  
  34  7:11  Photon Cannon  
  34  7:12  Probe (Chrono Boost)  
  35  8:48  Carrier  
  35  8:52  Pylon  
  35  8:57  Solar Efficiency Level 2  
  35  9:01  Pylon  
  35  9:11  Pylon  
  35  9:19  Pylon  
  41  9:40  Carrier  
  41  10:06  Unknown  
  41  10:38  Protoss Air Weapons Level 2  
  47  11:40  Photon Cannon x2  
  47  11:44  Photon Cannon  
  47  11:45  Carrier  
  47  11:52  Photon Cannon  
  47  11:56  Photon Cannon  
  53  13:02  Shield Battery  
  53  13:05  Carrier  
  53  13:09  Shield Battery  
  53  13:10  Shield Battery  
  53  13:17  Carrier  
  65  14:22  Carrier  
  65  14:58  Protoss Air Weapons Level 3  
  64  15:13  Probe (Chrono Boost)  
  71  16:03  Probe (Chrono Boost)  
  72  16:15  Pylon  
  72  16:18  Probe (Chrono Boost)  
  72  16:19  Pylon  
  73  16:21  Photon Cannon  
  73  16:25  Photon Cannon  
  73  16:29  Photon Cannon  
  73  16:30  Carrier  
  73  16:33  Photon Cannon, Probe (Chrono Boost)  
  73  16:36  Photon Cannon  
  74  16:47  Probe (Chrono Boost)  
  81  17:02  Probe (Chrono Boost)  
  82  18:08  Carrier  
  82  18:24  Carrier  
  94  19:22  Photon Cannon  
  94  19:26  Shield Battery  
  94  20:28  Pylon  
  94  20:30  Pylon  
  94  20:31  Pylon  
  94  20:32  Pylon  
  93  21:57  Pylon  
  93  21:58  Carrier  
  93  21:59  Pylon  
  93  22:02  Pylon  
  93  22:05  Carrier  
  93  22:06  Pylon  
  93  22:09  Pylon  
  93  22:11  Pylon  
  93  22:15  Carrier  
  93  22:18  Carrier  
  93  22:21  Pylon  
  117  22:56  Protoss Air Armor Level 1  
  123  23:33  Carrier  
  123  23:52  Carrier  
  129  24:53  Pylon  
  129  24:56  Pylon  
  129  24:58  Pylon  
  129  25:01  Pylon  
  129  25:02  Pylon  
  129  25:09  Pylon  
  135  25:12  Pylon  
  135  25:17  Pylon  
  135  25:19  Pylon  
  135  25:23  Pylon  
  135  25:25  Pylon  
  135  25:40  Pylon x2  
Tags
 
Commander
FenixKarax
Matchup
Co-op
Replay Pack
Multiplayer
Add a new tag
Caveats
  • Supply blocks, unpowered buildings, or Contaminate may cause inaccurate times.
  • Supply counts are checked every 10 seconds.